 Dungeon Crawl Stone Soup version 0.21.1-1-g345015fe64 (webtiles) character file.

9847 Htamos the Severer (level 11, 0/92 HPs)
             Began as a Minotaur Fighter on July 11, 2018.
             Was a High Priest of Okawaru.
             Slain by a vampire (4 damage)
             ... on level 10 of the Dungeon.
             The game lasted 00:30:44 (13117 turns).

Htamos the Severer (Minotaur Fighter)              Turns: 13117, Time: 00:30:45

Health: 0/92       AC: 22    Str: 21    XL:     11   Next: 28%
Magic:  0/12       EV:  9    Int:  8    God:    Okawaru [*****.]
Gold:   635        SH: 10    Dex: 15    Spells: 8/13 levels left

rFire    . . .     SeeInvis .   a - +1 war axe
rCold    . . .     Gourm    .   c - +0 shield
rNeg     . . .     Faith    .   G - +2 plate armour
rPois    +         Spirit   +   (helmet restricted)
rElec    .         Reflect  .   l - +0 cloak
rCorr    .         Harm     .   C - +0 pair of gloves
MR       .....                  (no boots)
Stlth    ..........             n - amulet of guardian spirit
HPRegen  0.25/turn              r - +6 ring of protection
MPRegen  0.13/turn              h - ring of poison resistance

@: agile, flying, heavily drained
A: retaliatory headbutt, horns 2
a: Heroism, Finesse, Renounce Religion


You were on level 10 of the Dungeon.
You worshipped Okawaru.
Okawaru was extremely pleased with you.
You were near starving.

You visited 2 branches of the dungeon, and saw 11 of its levels.
You also visited: Sewer.

You collected 635 gold pieces.

Inventory:

Hand Weapons
 a - a +1 war axe (weapon)
 u - a +2 whip of flaming
 D - the +7 dagger "Quympi" {drain, rF+}
   (You found it on level 9 of the Dungeon)

   A truly terrible weapon, it drains the life of those it strikes.
   It protects you from fire.
 H - a +0 dagger of venom
 L - a +5 great mace of draining
Armour
 c - a +0 shield (worn)
 l - a +0 cloak (worn)
 x - a +0 pair of gloves
 A - a +0 ring mail
 C - a +0 pair of gloves (worn)
 F - a +0 chain mail
 G - a +2 plate armour (worn)
Jewellery
 h - a ring of poison resistance (right hand)
 n - an amulet of guardian spirit (around neck)
 r - a +6 ring of protection (left hand)
 w - an uncursed ring of wizardry
 y - an uncursed ring of poison resistance
Wands
 t - a wand of random effects (57)
 B - a wand of polymorph (15)
 I - a wand of iceblast (3)
Scrolls
 b - 3 scrolls of enchant weapon
 d - a scroll of amnesia
 e - 7 scrolls of teleportation
 g - 6 scrolls of remove curse
 i - 3 scrolls of identify
 k - a scroll of fog
 q - 4 scrolls of blinking
 E - a scroll of enchant armour
 J - 2 scrolls of magic mapping
Potions
 m - 2 potions of degeneration
 o - a potion of haste
 p - a potion of mutation
 z - 3 potions of flight
Books
 j - a book of Minor Magic

   Spells                             Type                      Level
   a - Magic Dart                     Conjuration                  1
   b - Blink                          Translocation                2
   c - Call Imp                       Summoning                    2
   d - Slow                           Hexes                        2
   e - Conjure Flame                  Conjuration/Fire             3
   f - Mephitic Cloud                 Conjuration/Poison/Air       3
 s - a book of Conjurations

   Spells                             Type                      Level
   a - Magic Dart                     Conjuration                  1
   b - Searing Ray                    Conjuration                  2
   c - Dazzling Spray                 Conjuration/Hexes            3
   d - Fulminant Prism                Conjuration/Hexes            4
   e - Force Lance                    Conjuration/Translocation    4
   f - Iskenderun's Mystic Blast      Conjuration                  4
Miscellaneous
 v - a phantom mirror
Comestibles
 f - 18 rations


   Skills:
 + Level 7.0(4.5) Fighting
 - Level 0.1(0.0) Short Blades
 - Level 16.0(13.0) Axes
 + Level 7.4(4.9) Armour
 + Level 7.7(5.2) Shields
 * Level 1.8(0.0) Spellcasting
 * Level 2.0(0.0) Conjurations
 * Level 2.0(0.0) Translocations


You had 8 spell levels left.
You knew the following spells:

 Your Spells              Type           Power        Failure   Level  Hunger
a - Magic Dart            Conj           #...         100%        1    ##.....
b - Call Imp              Summ           #.......     100%        2    ###....
c - Blink                 Tloc           N/A          100%        2    ###....


Dungeon Overview and Level Annotations

Branches:
Dungeon (10/15)            Temple (1/1) D:4            Lair (0/6) D:10
    Orc (0/2) D:9

Altars:
Ashenzari
Cheibriados
Dithmenos
Elyvilon
Fedhas
Gozag
Hepliaklqana
Kikubaaqudgha
Makhleb
Nemelex Xobeh
Okawaru
Qazlal
Ru
Sif Muna
Trog
Uskayaw
Vehumet
Wu Jian
Xom
Yredelemnul
The Shining One

Shops:
D:5 }   D:9 [(

Annotations:
D:9 exclusion: oklob plant


Innate Abilities, Weirdness & Mutations

You reflexively headbutt those who attack you in melee.
You have a pair of horns on your head.


Message History

You block something's attack. Something hits you but does no damage.
Something bites you but does no damage.
You miss something. You closely miss something.
Something hits you but does no damage. x2; Unholy energy fills the air.
You feel agile all of a sudden. Something hits you but does no damage.
Unholy energy fills the air.
* * * LOW HITPOINT WARNING * * *
You feel very buoyant.
You fly up into the air.
Something hits you!
* * * LOW HITPOINT WARNING * * *
Something hits you.
* * * LOW HITPOINT WARNING * * *
Something bites you.
* * * LOW HITPOINT WARNING * * *
Something draws strength from your injuries!
You miss something. Your headbutt misses something. You hit something.
Something hits you.
* * * LOW HITPOINT WARNING * * *
Something hits you.
You die...

..# #รท# ..#########
########.# ...........
.........######## ...........
................. #..........
..........###### #..########
#######...# #..# #...#
#.|#################...####
#...............@{....!.......
....(.........................
...................$..########
..##################..# ..#
#..# ..# #..# ..###### #..#
........ ... ........ ....


There were no monsters in sight!

Vanquished Creatures
  A two-headed ogre (D:9)
  Urug (D:10)
  A fire crab (D:9)
  Pikel (D:8)
  The ghost of patthesweetcat the Firebug, a novice OpFE of Vehumet (D:6)
  Joseph (D:8)
  A komodo dragon (D:10)
  A troll (D:10)
  Prince Ribbit (D:8)
  2 wyverns (D:8)
  4 yaks
  Grum (D:8)
  A water moccasin (D:9)
  2 ice beasts
  A hornet zombie (D:9)
  4 orc warriors
  A sky beast (D:9)
  4 ogres
  3 phantoms
  3 wolves (D:8)
  4 centaurs
  A big kobold (D:9)
  4 bullfrogs
  A wyvern skeleton (D:9)
  5 scorpions
  14 killer bees
  4 wights (D:10)
  A howler monkey (D:6)
  4 bullfrog zombies
  A centaur zombie (D:5)
  4 crimson imps
  5 hounds
  A jelly (D:9)
  2 centaur skeletons
  4 orc priests
  4 iguanas
  5 orc wizards
  2 gnoll shamans (D:5)
  5 worker ants
  A hound zombie (D:6)
  A hound skeleton (D:9)
  45 gnolls (D:5)
  A howler monkey skeleton (D:8)
  11 adders
  A shadow imp (D:9)
  3 oozes (Sewer)
  2 adder zombies
  5 adder skeletons
  7 worms
  5 leopard geckos
  34 orcs
  5 giant cockroaches
  3 hobgoblins (D:3)
  37 jackals
  14 kobolds
  6 quokkas
  4 ball pythons
  7 bats
  4 frilled lizards
  7 goblins
  A jackal skeleton (D:7)
  A jackal zombie (D:9)
  8 rats
319 creatures vanquished.

Vanquished Creatures (others)
  4 plants (D:10)
4 creatures vanquished.

Grand Total: 323 creatures vanquished

Notes
Turn   | Place    | Note
-------+----------+-------------------------------------------
     0 | D:1      | Htamos the Minotaur Fighter began the quest for the Orb.
     0 | D:1      | Reached XP level 1. HP: 19/19 MP: 0/0
   548 | D:1      | Reached skill level 3 in Axes
   591 | D:1      | Reached XP level 2. HP: 26/26 MP: 1/1
  1165 | D:2      | Reached skill level 4 in Axes
  1217 | D:2      | Reached XP level 3. HP: 31/31 MP: 2/2
  1555 | D:3      | Found an ancient bone altar of Kikubaaqudgha.
  1559 | D:3      | Reached skill level 5 in Axes
  1657 | D:3      | Reached XP level 4. HP: 39/39 MP: 3/3
  1766 | D:3      | Found a glowing drain.
  1775 | Sewer    | Entered a sewer
  1946 | Sewer    | Reached skill level 6 in Axes
  2283 | Sewer    | Reached XP level 5. HP: 33/45 MP: 4/4
  2468 | D:3      | Reached skill level 7 in Axes
  2683 | D:3      | Found a bloodstained altar of Trog.
  2683 | D:3      | Found a basalt altar of Yredelemnul.
  2684 | D:3      | Found a stormy altar of Qazlal.
  2692 | D:3      | Found a hazy altar of Hepliaklqana.
  2736 | D:3      | Reached XP level 6. HP: 51/51 MP: 5/5
  2979 | D:4      | Reached skill level 8 in Axes
  3073 | D:4      | Reached skill level 9 in Axes
  3194 | D:4      | Reached XP level 7. HP: 37/57 MP: 4/6
  3331 | D:4      | Found a staircase to the Ecumenical Temple.
  3441 | Temple   | Entered the Ecumenical Temple
  3475 | Temple   | Became a worshipper of Warmaster Okawaru
  3539 | D:5      | Entered Level 5 of the Dungeon
  3544 | D:5      | Reached skill level 10 in Axes
  3688 | D:5      | Noticed a yak
  3689 | D:5      | Noticed a yak
  3690 | D:5      | Found a white marble altar of Elyvilon.
  3690 | D:5      | Noticed a yak
  3690 | D:5      | Noticed a yak
  3715 | D:4      | Killed a yak
  4099 | D:5      | Found Eskoheme's Gadget Boutique.
  4309 | D:5      | Killed a yak
  4309 | D:5      | Reached * piety under Okawaru
  4309 | D:5      | Reached skill level 11 in Axes
  4309 | D:5      | Reached XP level 8. HP: 48/64 MP: 5/7
  4327 | D:5      | Reached skill level 12 in Axes
  4972 | D:5      | Reached ** piety under Okawaru
  4981 | D:5      | Reached skill level 13 in Axes
  5059 | D:5      | HP: 3/64 [gnoll/halberd (5)]
  5065 | D:5      | HP: 3/64 [gnoll/spear (1)]
  5487 | D:5      | Reached XP level 9. HP: 66/70 MP: 8/8
  6285 | D:6      | Reached skill level 14 in Axes
  6319 | D:6      | Noticed patthesweetcat's ghost (novice OpFE)
  6338 | D:6      | Killed patthesweetcat's ghost
  7347 | D:7      | You fall through a shaft for 2 floors!
  7392 | D:9      | Found Buahy's Armour Shoppe.
  7393 | D:9      | Found a staircase to the Orcish Mines.
  7394 | D:9      | Found Hianwage's Weapon Shoppe.
  7470 | D:8      | Reached *** piety under Okawaru
  7807 | D:7      | Reached skill level 5 in Armour
  8045 | D:7      | Reached skill level 5 in Shields
  8104 | D:7      | Reached skill level 15 in Axes
  8479 | D:8      | Noticed Pikel
  8494 | D:8      | Killed Pikel
  8494 | D:8      | Reached **** piety under Okawaru
  8494 | D:8      | Reached skill level 5 in Fighting
  8494 | D:8      | Reached XP level 10. HP: 81/81 MP: 9/9
  8639 | D:8      | Found an iron altar of Okawaru.
  9307 | D:8      | Noticed Grum
  9319 | D:8      | Killed Grum
  9336 | D:8      | Noticed Joseph
  9676 | D:8      | Killed Joseph
  9862 | D:8      | Noticed Prince Ribbit
  9878 | D:8      | Killed Prince Ribbit
 10162 | D:9      | Found a shimmering altar of Xom.
 10197 | D:9      | Learned a level 1 spell: Magic Dart
 10200 | D:9      | Learned a level 2 spell: Call Imp
 10208 | D:9      | Found a sparkling altar of Nemelex Xobeh.
 10235 | D:9      | Learned a level 2 spell: Blink
 10567 | D:9      | Found a snail-covered altar of Cheibriados.
 10850 | D:9      | Reached ***** piety under Okawaru
 11034 | D:9      | Noticed a fire crab
 11050 | D:9      | Killed a fire crab
 11050 | D:9      | Reached skill level 16 in Axes
 11050 | D:9      | Reached skill level 1 in Spellcasting
 11050 | D:9      | Reached skill level 1 in Conjurations
 11050 | D:9      | Reached skill level 1 in Translocations
 11216 | D:9      | Noticed a two-headed ogre
 11231 | D:9      | Killed a two-headed ogre
 11231 | D:9      | Reached XP level 11. HP: 52/91 MP: 7/11
 11444 | D:9      | Found a blossoming altar of Fedhas.
 11458 | D:9      | Noticed an oklob plant
 11550 | D:9      | Got an ichor-stained dagger
 11551 | D:9      | Identified the +7 dagger "Quympi" {drain, rF+} (You found it on level 9 of the Dungeon)
 11623 | D:9      | Received a gift from Okawaru
 11902 | D:10     | Entered Level 10 of the Dungeon
 11913 | D:10     | Found a staircase to the Lair.
 11972 | D:10     | Noticed Urug
 12005 | D:10     | HP: 2/91 [Urug/javelin (10)]
 12874 | D:10     | Killed Urug
 13117 | D:10     | HP: 4/92 [something (4)]
 13117 | D:10     | Slain by a vampire

Skill      XL: |  1  2  3  4  5  6  7  8  9 10 11 |
---------------+----------------------------------+-----
Axes           | 3 4 5 6 7 9 11 13 15 16 | 16.0
Armour         | 5 6 7 |  7.4
Shields        | 5 7 |  7.7
Fighting       | 5 6 7 |  7.0
Spellcasting   | 1 |  1.8
Conjurations   | 1 2 |  2.0
Translocations | 1 2 |  2.0
Short Blades   | |  0.1

Action                   |  1- 3 |  4- 6 |  7- 9 | 10-12 || total
-------------------------+-------+-------+-------+-------++-------
Melee: War axe           |    85 |   173 |   401 |   344 ||  1003
       Headbutt          |     8 |    32 |    72 |    61 ||   173
       Whip              |       |       |       |    39 ||    39
       Dagger            |       |       |       |    24 ||    24
Invok: Heroism           |       |       |     1 |       ||     1
  Use: Scroll            |       |     7 |    10 |    12 ||    29
       Potion            |       |       |    10 |    10 ||    20
  Eat: Chunk             |     2 |     6 |    14 |     6 ||    28
       Ration            |       |       |     1 |     2 ||     3
Armor: Scale mail        |    47 |    66 |     8 |       ||   121
       Ring mail         |       |       |    91 |    16 ||   107
       Skin              |       |       |    11 |     5 ||    16
       Plate armour      |       |       |       |   213 ||   213
Dodge: Dodged            |    41 |    45 |   131 |    65 ||   282
Block: Shield            |    51 |    88 |   189 |   219 ||   547
